 Dungeon Crawl Stone Soup version 0.20-a0-432-g25cc1b4 (webtiles) character file.

59 Amnesiac the Vexing (level 3, -2/24 HPs)
             Began as a Mummy Enchanter on Jan 3, 2017.
             Slain by an adder (3 damage)
             ... on level 3 of the Dungeon.
             The game lasted 00:05:42 (1633 turns).

Amnesiac the Vexing (Mummy Enchanter)               Turns: 1633, Time: 00:05:43

Health: -2/24      AC:  4    Str: 11    XL:     3   Next: 78%
Magic:  1/8        EV: 12    Int: 14    God:
Gold:   48         SH:  0    Dex: 13    Spells: 2/9 levels left

rFire  x . .     SeeInvis .     a - +1 dagger
rCold  + . .     Gourm    .     b - +0 robe
rNeg   + + +     Faith    .     (no shield)
rPois  ∞         Spirit   .     (no helmet)
rElec  .         Reflect  .     g - +0 cloak
rCorr  +         Harm     .     (no gloves)
MR     .....                    f - +0 pair of boots
Stlth  +++.......               (no amulet)
                                e - ring of resist corrosion
                                d - ring of stealth

@: no status effects
A: no food or potions, fire vulnerability, cold resistance 1, negative energy
resistance 3, torment resistance, unbreathing
a: no special abilities


You were on level 3 of the Dungeon.
You were not hungry.

You visited 1 branch of the dungeon, and saw 4 of its levels.

You collected 48 gold pieces.

Inventory:

Hand Weapons
 a - a +1 dagger (weapon)
Armour
 b - a +0 robe (worn)
 f - a +0 pair of boots (worn)
 g - a +0 cloak (worn)
Jewellery
 d - a ring of stealth (left hand)
 e - a ring of resist corrosion (right hand)
Scrolls
 h - 2 scrolls of teleportation
 i - a scroll of identify {unknown}
Books
 c - a book of Maledictions

   Spells                             Type                      Level
   a - Corona                         Hexes                        1
   b - Ensorcelled Hibernation        Hexes/Ice                    2
   c - Confuse                        Hexes                        3
   d - Tukima's Dance                 Hexes                        3
   e - Dazzling Spray                 Conjuration/Hexes            3


   Skills:
 + Level 1.0 Short Blades
 - Level 1.5 Dodging
 - Level 2.4 Stealth
 - Level 3.5 Spellcasting
 - Level 3.9 Hexes


You had 2 spell levels left.
You knew the following spells:

 Your Spells              Type           Power        Failure   Level  Hunger
e - Confuse               Hex            ##......     14%         3    N/A
f - Corona                Hex            ##.....      4%          1    N/A
w - Tukima's Dance        Hex            ##......     14%         3    N/A

Dungeon Overview and Level Annotations

Branches:
Dungeon (4/15)
 Temple: D:4-7

Altars:
Cheibriados
Sif Muna
Vehumet

Annotations:
D:3 anet's ghost, amateur DEWz


Innate Abilities, Weirdness & Mutations

You do not eat or drink.
Your flesh is vulnerable to fire.
You are immune to poison.
Your flesh is cold resistant. (rC+)
You are immune to negative energy. (rN+++)
You are immune to unholy pain and torment.
You can survive without breathing.


Message History

You hit the adder.
The adder is moderately wounded.
The adder misses you.
You hit the adder.
The adder is severely wounded.
The adder bites you but does no damage. x2
You hit the adder but do no damage.
The adder is severely wounded.
The adder misses you.
You hit the adder but do no damage.
The adder is severely wounded.
The adder bites you.
* * * LOW HITPOINT WARNING * * *
You miss the adder.
The adder is severely wounded.
The adder bites you but does no damage. x2
You barely miss the adder.
The adder is severely wounded.
The adder bites you.
You die...

####†#≈#####≈###
#..#≈#†#.≈##≈#.#
#.##≈#.###≈#.#.###
#.##≈#≈≈.≈##≈#....
#.##.#######≈#####
#.###≈≈.†≈≈≈### #.#
#########.# #.#
#.#### #@# #####.....
#S# #..P..P... #.#
##..P≈≈♣P.P #.#
#....P≈≈%.. #.#
#.P....≈≈≈% #.#
#...P.≈≈≈≈≈ #.#
#..PP≈≈≈≈≈≈
##.######..≈≈≈≈≈≈≈≈
###..........≈≈≈≈≈≈≈≈


You could see an adder.

Vanquished Creatures
  3 adders
  An ooze (D:1)
  A leopard gecko (D:3)
  4 giant cockroaches (D:3)
  6 goblins
  2 hobgoblins
  2 bats (D:3)
  3 frilled lizards
  4 kobolds
  5 rats (D:3)
31 creatures vanquished.

Notes
Turn   | Place    | Note
-------+----------+-------------------------------------------
     0 | D:1      | Amnesiac the Mummy Enchanter began the quest for the Orb.
     0 | D:1      | Reached XP level 1. HP: 13/13 MP: 4/4
   137 | D:2      | Reached XP level 2. HP: 15/19 MP: 6/6
   308 | D:2      | Found a snail-covered altar of Cheibriados.
   314 | D:2      | Found a deep blue altar of Sif Muna.
   319 | D:2      | Found a radiant altar of Vehumet.
   366 | D:3      | Noticed anet's ghost (amateur DEWz)
   551 | D:3      | Reached XP level 3. HP: 8/24 MP: 4/7
   556 | D:3      | Learned a level 3 spell: Confuse
   560 | D:3      | Learned a level 3 spell: Tukima's Dance
  1026 | D:3      | Found a glowing drain.
  1568 | D:3      | Reached skill level 1 in Short Blades
  1631 | D:3      | HP: 1/24 [adder (5)]
  1633 | D:3      | Slain by an adder

Vault maps used:
D:1:      grunt_arrival_lava_bath, minivault_24
D:2:      minmay_overflow_temple_star_quad
D:3:      gup_sewer_entry_spiral, guppyfry_early_lair_pool
D:4:      first_bread, nicolae_ru_sacrificial_ziggurat, uniq_blork_the_orc

Skill      XL: |  1  2  3 |
---------------+----------+-----
Spellcasting   | 3 |  3.5
Hexes          | 3 |  3.9
Short Blades   | 1 |  1.0
Dodging        | |  1.5
Stealth        | |  2.4

Action                   || total
-------------------------++-------
Melee: Dagger            ||   165
 Cast: Corona            ||     8
       Confuse           ||    13
  Use: Scroll            ||     1
 Stab: Sleeping          ||    11
       Confused          ||     2
Armor: Robe              ||    40
Dodge: Dodged            ||    95
